 Seeded DCSS version 0.28-a0-983-g1de4e0787c (webtiles) character file.

Game seed: 12130800008223909736 (custom seed)

1001 croobank the Carver (level 8, 0/51 (54) HPs)
             Began as an Octopode Monk on Dec 2, 2021.
             Was a Believer of Makhleb.
             Slain by a wight (18 damage)
             ... on level 7 of the Dungeon.
             The game lasted 00:20:59 (3161 turns).

croobank the Carver (Octopode Monk)                 Turns: 3161, Time: 00:21:00

HP:   0/51 (54)     AC:  3    Str: 13    XL:     8   Next: 20%
MP:   9/9           EV: 14    Int: 12    God:    Makhleb [**....]
Gold: 260           SH:  0    Dex: 14    Spells: 9/9 levels left

rFire   + . .      SeeInvis +   a - +4 double sword (venom)
rCold   x . .      Faith    .   (no shield)
rNeg    . . .      Spirit   .   l - +2 hat {SInv}
rPois   .          Reflect  .   c - amulet of regeneration
rElec   .          Harm     .   f - ring of fire
rCorr   .          Rampage  .   (no ring)
Will    .....                   (no ring)
Stlth   ++++......              (no ring)
HPRegen 0.97/turn               (no ring)
MPRegen 0.11/turn               (no ring)
                                (no ring)
                                (no ring)

@: drained
A: almost no armour, amphibious, 8 rings, camouflage 1, gelatinous body 1,
(nimble swimmer 1), tentacles
a: Renounce Religion, Minor Destruction


You were on level 7 of the Dungeon.
You worshipped Makhleb.
Makhleb was pleased with you.
You visited 2 branches of the dungeon, and saw 7 of its levels.

You collected 260 gold pieces.

Inventory:

Hand Weapons
 a - a +4 double sword of venom (weapon)
 b - a +0 vorpal hunting sling
 e - a +0 long sword
 n - a +1 short sword of speed
 z - a +0 hand axe
Missiles
 d - 2 atropa-tipped darts
 h - 47 arrows
 k - 56 stones
 o - 10 poisoned darts (quivered)
 q - 6 sling bullets
 v - 5 curare-tipped darts
 x - a boomerang
 B - a throwing net
 E - 20 bolts
Armour
 l - a +2 hat of see invisible (worn)
Magical Staves
 t - a staff of conjuration
Jewellery
 c - an amulet of regeneration (around mantle)
 f - a ring of fire (left tentacle)
Wands
 C - a wand of paralysis (6)
Scrolls
 i - 2 scrolls of identify {identify}
 j - 2 scrolls of acquirement {acquirement}
 r - 2 scrolls of immolation {immolation, unknown}
 s - a scroll of fear {fear, unknown}
 u - a scroll of enchant armour
 w - 2 scrolls of fog {fog, unknown}
 y - a scroll of noise {noise, unknown}
 A - 2 scrolls of teleportation {teleportation}
Potions
 g - a potion of flight {flight, unknown}
 m - a potion of berserk rage {berzerk rage, unknown}
 p - a potion of heal wounds {heal wounds, unknown}
 D - a potion of curing


   Skills:
 - Level 3.6 Fighting
 + Level 13.5 Long Blades
 - Level 4.2 Axes
 - Level 3.5 Dodging
 - Level 4.5 Stealth
 - Level 1.3 Spellcasting


You had 9 spell levels left.
You didn't know any spells.
Your spell library contained the following spells:

 Spells                   Type           Power      Damage    Failure   Level
 Animate Skeleton         Necr           0%         N/A       30%         1
 Apportation              Tloc           0%         N/A       30%         1
 Summon Small Mammal      Summ           0%         N/A       30%         1
 Alistair's Intoxication  Tmut/Pois      0%         N/A       100%        5


Dungeon Overview and Level Annotations

Branches:
Dungeon (5/15)             Temple (1/1) D:4

Altars:
Ashenzari
Cheibriados
Dithmenos
Elyvilon
Fedhas
Gozag
Kikubaaqudgha
Makhleb
Nemelex Xobeh
Okawaru
Qazlal
Trog
Uskayaw
Vehumet
Wu Jian
Xom
Zin
The Shining One

Shops:
D:7 *


Innate Abilities, Weirdness & Mutations

You cannot wear most types of armour.
You are amphibious.
You can wear up to eight rings at the same time.
Your skin changes colour to match your surroundings (Stealth+).
Your rubbery body absorbs attacks. (AC +1, EV +1)
((You are camouflaged near water. (Stealth+)))
You have tentacles for arms and can constrict up to eight enemies at once.


Message History

The gnoll shouts!
The sling bullet hits the gnoll but does no damage.
The gnoll is severely wounded.
A wight comes into view. It is wielding a +0 halberd.
Fire: 8 sling bullets
Press: ? - help, Q - select action, (/) - cycle Shift-Dir - straight line, f/p - gnoll
Aim: a gnoll, wielding a +0 spear (severely wounded, 63% to hit)
You shoot a sling bullet. The sling bullet hits the gnoll.
The gnoll is heavily wounded.
Fire: 7 sling bullets
Press: ? - help, Q - select action, (/) - cycle Shift-Dir - straight line, f/p - gnoll
Aim: a gnoll, wielding a +0 spear (severely wounded, 63% to hit)
You shoot a sling bullet.
The sling bullet hits the wight but does no damage.
The wight barely misses you.
Found Mijiuple's Assorted Antiques.
The gnoll barely misses you. The wight misses you.
Really attack while wielding your +0 vorpal hunting sling? [Y]es or [N]o only, please.
Really attack while wielding your +0 vorpal hunting sling? [Y]es or [N]o only, please.
Really attack while wielding your +0 vorpal hunting sling? [Y]es or [N]o only, please.
Really attack while wielding your +0 vorpal hunting sling?
Okay, then.
Your +4 double sword of venom begins to drip with poison!
a - a +4 double sword of venom (weapon)
The wight hits you with a +0 spear.
You feel drained. The gnoll hits you with a +0 club.
The gnoll hits you from afar with a +0 spear.
You hit the wight but do no damage. You grab the wight.
You constrict the wight. The wight barely misses you.
The wight hits you with a +0 spear.
You feel drained. The gnoll hits you with a +0 club!
You slash the wight! You squeeze the wight.
The wight is severely damaged.
You constrict the wight.
The gnoll hits you from afar with a +0 spear!
The wight hits you from afar with a +0 halberd!!
You die...

..................
.................###
....................
................(.∩
...
#....#....#.#.(..
...#
###....#.........##
......
............##z...
......
......#...#.zgg# .
........
..........#.@#...
........
............## ...
...##...
##.....†...### ..
........
#............#...#
........
##....#.........#
........
##.####.....#...#
......gg ...
#...........
...z.z)g ...
#........##.
.##....# ..
#.......... #..gg#


You could see 2 wights and 2 gnolls.

Vanquished Creatures
  A steam dragon (D:7)
  Pargi (D:3)
  A sky beast (D:7)
  A black bear (D:4)
  Jessica (D:3)
  A hound zombie (D:5)
  A howler monkey skeleton (D:7)
  5 gnolls
  An adder (D:4)
  2 worms
  4 dart slugs
  2 orcs (D:3)
  3 endoplasms (D:1)
  2 giant cockroaches
  3 goblins
  5 hobgoblins
  4 kobolds
  3 quokkas
  2 ball pythons (D:2)
  3 bats
  2 frilled lizards
  3 rats
51 creatures vanquished.

Vanquished Creatures (others)
  A goblin (D:1)
  16 plants (D:3)
17 creatures vanquished.

Grand Total: 68 creatures vanquished

Notes
Turn   | Place    | Note
-------+----------+-------------------------------------------
     0 | D:1      | croobank the Octopode Monk began the quest for the Orb.
     0 | D:1      | Reached XP level 1. HP: 16/16 MP: 1/1
   192 | D:1      | Reached XP level 2. HP: 21/21 MP: 2/2
   721 | D:2      | Reached XP level 3. HP: 26/26 MP: 3/3
  1326 | D:3      | Noticed Pargi
  1332 | D:3      | Identified 3 scrolls of acquirement {acquirement}
  1332 | D:3      | Acquired a +0 hat of see invisible
  1379 | D:3      | Killed Pargi
  1380 | D:3      | Reached skill level 1 in Spellcasting
  1380 | D:3      | Reached XP level 4. HP: 11/32 MP: 3/5
  1380 | D:3      | Reached XP level 5. HP: 12/36 MP: 3/6
  1834 | D:3      | Noticed Jessica
  1836 | D:3      | Killed Jessica
  1979 | D:3      | Acquired a +3 double sword of venom
  2323 | D:4      | Found a staircase to the Ecumenical Temple.
  2329 | Temple   | Entered the Ecumenical Temple
  2379 | Temple   | Became a worshipper of Makhleb the Destroyer
  2379 | Temple   | Reached * piety under Makhleb
  2379 | Temple   | Reached ** piety under Makhleb
  2574 | D:4      | Reached skill level 1 in Long Blades
  2612 | D:4      | Noticed a black bear
  2618 | D:4      | Killed a black bear
  2619 | D:4      | Reached skill level 3 in Long Blades
  2619 | D:4      | Reached XP level 6. HP: 37/43 MP: 7/7
  2871 | D:4      | Found a white marble altar of Elyvilon.
  3039 | D:5      | Entered Level 5 of the Dungeon
  3080 | D:5      | You fall into a shaft and drop 2 floors!
  3087 | D:7      | Noticed a steam dragon
  3098 | D:7      | Killed a steam dragon
  3099 | D:7      | Reached skill level 4 in Long Blades
  3099 | D:7      | Reached XP level 7. HP: 40/47 MP: 8/8
  3131 | D:7      | Reached skill level 13 in Long Blades
  3131 | D:7      | Reached XP level 8. HP: 40/54 MP: 9/9
  3158 | D:7      | Found Mijiuple's Assorted Antiques.
  3161 | D:7      | Slain by a wight

Illustrated notes

Levels and vault maps discovered:
D:1:      minmay_arrival_checkered_box, layout_basic, minmay_pentomino_q2
D:2:      layout_loops_cross
D:3:      layout_loops_corners, serial_bayou, serial_bayou_pond_c,
          serial_bayou_lagoon_b, serial_bayou_pond_c, serial_bayou_pond_e,
          uniq_pargi, uniq_jessica
D:4:      layout_basic, marbit_many_paths, minmay_temple_entry_enclosed_plants,
          hex_intersection
D:5:      layout_rooms, uniq_sigmund
D:7:      layout_cave_pools, serial_gnoll_camp, gnoll_camp_mini_shop,
          gnoll_camp_mini_loothouse, gnoll_camp_mini_sergeant,
          gnoll_camp_mini_shop, serial_shops, kennysheep_little_box, uniq_maggie
Temple:   mainiacjoe_temple_coin_purse

Skill      XL: |  1  2  3  4  5  6  7 |
---------------+----------------------+-----
Stealth        | 4 |  4.5
Axes           | 4 |  4.2
Spellcasting   | 1 |  1.3
Long Blades    | 3 4 13 | 13.5
Fighting       | |  3.6
Dodging        | |  3.5

Action                   |  1- 3 |  4- 6 |  7- 9 || total
-------------------------+-------+-------+-------++-------
Melee: Hand axe          |    61 |    15 |       ||    76
       Constrict         |    14 |     8 |     4 ||    26
       Tentacles         |    11 |     9 |     4 ||    24
       Double sword      |       |    20 |    13 ||    33
 Fire: Hunting sling     |     2 |     5 |     4 ||    11
  Use: Scroll            |     4 |     3 |     2 ||     9
       Potion            |       |       |     1 ||     1
 Stab: Sleeping          |    11 |     4 |       ||    15
Armor: Skin              |    10 |     2 |       ||    12
Dodge: Dodged            |    57 |    21 |     9 ||    87

Table legend: (Time is in decaauts)
 A = Elapsed time spent in this place.
 B = Non-inter-level travel time spent in this place.
 C = Inter-level travel time spent in this place.
 D = Time resting spent in this place.
 E = Time spent auto-exploring this place.
 F = Levels seen in this place.
 G = Mean time per level.
                   A        B        C        D        E       F      G
               +--------+--------+--------+--------+--------+-----+--------+
         Total |   3175 |   3102 |     73 |     39 |   2335 |   7 |  453.6 |
       Dungeon |   3093 |   3032 |     61 |     39 |   2283 |   6 |  515.5 |
        Temple |     81 |     69 |     12 |      0 |     52 |   1 |   81.0 |
               +--------+--------+--------+--------+--------+-----+--------+

Top non-repeatable levels by time:
     D:3: 948 daAuts
     D:1: 719 daAuts
     D:4: 689 daAuts
     D:2: 610 daAuts
     D:7: 82 daAuts
  Temple: 81 daAuts
     D:5: 41 daAuts
